 Dungeon Crawl Stone Soup version 0.17.0-26-gececa24 (webtiles) character file.

1881 oplop the Covered (level 9, -2/58 HPs)
             Began as a Gargoyle Fighter on Nov 20, 2015.
             Slain by an orc warrior
             ... wielding a +1 hand axe of freezing
              (3 damage)
             ... on level 6 of the Dungeon.
             The game lasted 00:10:50 (5439 turns).

oplop the Covered (Gargoyle Fighter)                Turns: 5439, Time: 00:10:51

Health: -2/58      AC: 13    Str: 22    XL:     9   Next: 14%
Magic:  9/9        EV:  9    Int:  9    God:
Gold:   329        SH:  4    Dex: 10    Spells: 0 memorised, 8 levels left

rFire  . . .     SeeInvis .     a - +0 war axe
rCold  . . .     Clarity  .     b - +0 scale mail
rNeg   + . .     SustAt   .     p - +0 buckler
rPois  ∞         Gourm    .     (no helmet)
rElec  +         Spirit   .     (no cloak)
rCorr  .         Warding  .     (no gloves)
rMut   .         Stasis   .     (no boots)
MR     .....                    (no amulet)
Stlth  +.........               (no ring)
                                i - ring of stealth

@: not resistant to hostile enchantments, very unstealthy
A: negative energy resistance 1, electricity resistance, unbreathing,
petrification resistance, rot immunity, AC +5
a: no special abilities


You were on level 6 of the Dungeon.
You were not hungry.

You visited 2 branches of the dungeon, and saw 7 of its levels.
You also visited: Ossuary.

You collected 329 gold pieces.

Inventory:

Hand Weapons
 a - a +0 war axe (weapon)
Armour
 b - a +0 scale mail (worn)
 c - a +0 shield
 p - a +0 buckler (worn)
Jewellery
 i - a ring of stealth (left hand)
Wands
 s - a wand of frost (12)
 w - a wand of digging (4)
 z - a wand of draining (7)
Scrolls
 f - 4 scrolls of teleportation {unknown}
 g - a scroll of random uselessness {unknown}
 h - a scroll of enchant armour {unknown}
 k - 13 scrolls of identify {unknown}
 l - 2 scrolls of immolation {unknown}
 n - 6 scrolls of fog {unknown}
 x - 4 scrolls of remove curse {unknown}
 A - a scroll of enchant weapon {unknown}
 B - a scroll of noise {unknown}
 C - a scroll of magic mapping {unknown}
Potions
 d - 2 potions of might
 j - a potion of resistance {unknown}
 m - a potion of invisibility {unknown}
 o - 2 potions of heal wounds {unknown}
 r - 2 potions of curing {unknown}
 t - a potion of cancellation {unknown}
 u - a potion of lignification {unknown}
 v - a potion of degeneration {unknown}
Books
 y - a book of Power

   Spells                             Type                      Level
   a - Fulminant Prism                Conjuration/Hexes            4
   b - Iskenderun's Mystic Blast      Conjuration                  4
   c - Venom Bolt                     Conjuration/Poison           5
   d - Bolt of Magma                  Conjuration/Fire/Earth       5
   e - Iron Shot                      Conjuration/Earth            6
   f - Orb of Destruction             Conjuration                  7
   g - Spellforged Servitor           Conjuration/Summoning        7
Comestibles
 e - 6 bread rations
 q - 4 meat rations
 D - a chunk of flesh


   Skills:
 + Level 7.6 Fighting
 + Level 6.1 Axes
 + Level 7.8 Armour
 - Level 4.9 Shields


You had 8 spell levels left.
You didn't know any spells.

Dungeon Overview and Level Annotations

Branches:
Dungeon (6/15)             Temple (1/1) D:6

Altars:
Ashenzari
Cheibriados
Elyvilon
Fedhas
Nemelex Xobeh
Okawaru
Ru
Sif Muna
Trog
Vehumet
Xom
Yredelemnul
Zin
The Shining One


Innate Abilities, Weirdness & Mutations

You are resistant to torment.
Your stone body is resilient (AC +5).
You are immune to poison.
You resist negative energy.
You are resistant to electric shocks.
You can survive without breathing.
You are immune to petrification.
You are immune to rotting.


Message History

The orc warrior freezes you.
Unknown command.
You hit the orc warrior but do no damage.
The orc warrior hits you with a hand axe of freezing!
The orc warrior freezes you.
You hit the orc warrior but do no damage.
You block the orc warrior's attack.
You hit the orc warrior but do no damage.
The orc warrior hits you with a hand axe of freezing!
* * * LOW HITPOINT WARNING * * *
The orc warrior freezes you!
* * * LOW HITPOINT WARNING * * *
You are too injured to fight recklessly!
You are too injured to fight recklessly!
Found an escape hatch in the floor.
Found a stone staircase leading down.
The orc warrior hits you with a hand axe of freezing!
* * * LOW HITPOINT WARNING * * *
The orc warrior freezes you.
You die...

############....##..... .
....................#.#.##
#############.....))#.....
#......)..# ########
##......#.# ####......#
#......#
..........####......#
.............##.o#..#
.............###@#....#
.......##....# #....##..
.......##....# ##..## .
.......####### ..#
(......# ..# .......# >.#
..####.# .>. ..#....# ....
..#....#


You could see an orc warrior.

Vanquished Creatures
  Grinder (D:3)
  2 wraiths (Ossuary)
  A water moccasin (D:5)
  2 ice beasts
  A phantom (D:4)
  An ogre (D:5)
  2 centaurs
  2 wights (Ossuary)
  3 hounds
  A centaur zombie (Ossuary)
  2 orc priests
  Ijyb (D:3)
  A giant frog skeleton (D:5)
  Terence (D:2)
  An orc wizard (D:2)
  4 worker ants
  4 gnolls (D:3)
  10 adders
  A worker ant zombie (D:5)
  2 shadow imps (D:5)
  2 oozes
  An adder skeleton (D:6)
  An adder zombie (Ossuary)
  3 worms (D:2)
  3 giant geckos
  11 orcs
  2 ball pythons
  6 giant cockroaches
  10 goblins
  8 hobgoblins
  14 jackals
  3 quokkas
  A ball python skeleton (Ossuary)
  8 bats
  4 giant newts
  2 hobgoblin zombies (Ossuary)
  A jackal skeleton (D:5)
  3 kobolds
  2 kobold zombies (Ossuary)
  2 orc skeletons (Ossuary)
  An orc zombie (Ossuary)
  5 rats
136 creatures vanquished.

Notes
Turn   | Place    | Note
--------------------------------------------------------------
     0 | D:1      | oplop the Gargoyle Fighter began the quest for the Orb.
     0 | D:1      | Reached XP level 1. HP: 14/14 MP: 1/1
    86 | D:1      | Reached XP level 2. HP: 14/19 MP: 2/2
   526 | D:1      | Reached XP level 3. HP: 22/24 MP: 3/3
  1194 | D:2      | Reached XP level 4. HP: 29/29 MP: 4/4
  1279 | D:2      | Noticed Terence
  1303 | D:2      | Reached skill level 4 in Armour
  1315 | D:2      | Killed Terence
  1729 | D:2      | Reached XP level 5. HP: 31/33 MP: 5/5
  1854 | D:3      | Noticed an ice beast
  1874 | D:3      | Killed an ice beast
  1874 | D:3      | Reached XP level 6. HP: 24/39 MP: 6/6
  2378 | D:3      | Noticed Ijyb
  2396 | D:3      | Killed Ijyb
  2629 | D:3      | Noticed Grinder
  2633 | D:3      | Paralysed by Grinder for 3 turns
  2642 | D:3      | Paralysed by Grinder for 6 turns
  2680 | D:3      | Killed Grinder
  2680 | D:3      | Reached skill level 5 in Fighting
  2680 | D:3      | Reached skill level 5 in Armour
  2680 | D:3      | Reached XP level 7. HP: 19/44 MP: 7/7
  3368 | D:4      | Reached skill level 6 in Armour
  3731 | D:5      | Entered Level 5 of the Dungeon
  3828 | D:5      | Reached XP level 8. HP: 29/51 MP: 8/8
  3842 | D:5      | Found a sand-covered staircase.
  3847 | Ossuary  | Entered an ossuary
  4046 | Ossuary  | Noticed a flying skull
  4057 | Ossuary  | Noticed a flying skull
  4081 | Ossuary  | Noticed a flying skull
  4143 | Ossuary  | Reached skill level 5 in Axes
  4370 | Ossuary  | Reached skill level 7 in Armour
  4455 | Ossuary  | Noticed a flying skull
  4720 | D:5      | Reached XP level 9. HP: 33/57 MP: 9/9
  4853 | D:5      | Found a sacrificial altar of Ru.
  4934 | D:6      | Found a staircase to the Ecumenical Temple.
  5020 | Temple   | Entered the Ecumenical Temple
  5270 | D:6      | Found an iron altar of Okawaru.
  5439 | D:6      | HP: 1/58 [orc warrior/hand axe of freezing (8)]
  5439 | D:6      | Slain by an orc warrior

Action                   |  1- 3 |  4- 6 |  7- 9 || total
-------------------------+-------+-------+-------++-------
Melee: War axe           |   112 |   177 |   331 ||   620
  Use: Potion            |       |     2 |     1 ||     3
  Eat: Chunk             |     1 |     3 |     9 ||    13
       Beef jerky        |       |     1 |       ||     1
       Pizza             |       |       |     1 ||     1
